 Dungeon Crawl Stone Soup version 0.28.0-47-ge53b351184 (webtiles) character file.

Game seed: 4783648684682039831

288 101zpm the Magician (level 6, -6/40 HPs)
             Began as a Djinni Fire Elementalist on May 6, 2022.
             Killed by divine providence
             ... invoked by an orc priest
              (11 damage)
             ... on level 5 of the Dungeon.
             The game lasted 00:06:15 (6638 turns).

101zpm the Magician (Djinni Fire Elementalist)      Turns: 6638, Time: 00:06:17

Health: -6/40      AC:  2    Str:  7    XL:     6   Next: 57%
Gold:   162        EV: 12    Int: 19    God:
                   SH:  0    Dex: 13

rFire   + + .      SeeInvis .   (no weapon)
rCold   x . .      Faith    .   (no shield)
rNeg    . . .      Spirit   .   a - +0 robe
rPois   ∞          Reflect  .   (no helmet)
rElec   .          Harm     .   (no cloak)
rCorr   .          Rampage  .   (no gloves)
Will    .....                   (boots unavailable)
Stlth   ++........              (no amulet)
HPRegen 0.13/turn               (no ring)
MPRegen 0.00/turn               (no ring)

@: flying, very slightly contaminated
A: sickness immunity, fire resistance 2, cold vulnerability 1, float, innate
caster, HP casting, extra vitality 1
a: no special abilities


You were on level 5 of the Dungeon.
You visited 1 branch of the dungeon, and saw 5 of its levels.

You collected 162 gold pieces.

Inventory:

Armour
 a - a +0 robe (worn)
Jewellery
 g - a ring of willpower
Scrolls
 b - 2 scrolls of amnesia {unknown}
 c - a scroll of noise {unknown}
 f - a scroll of fear {unknown}
 h - 5 scrolls of identify {unknown}
 i - a scroll of teleportation {unknown}
 k - a scroll of enchant armour {unknown}
 l - 5 scrolls of fog {unknown}
 o - a scroll of summoning {unknown}
 p - 2 scrolls of enchant weapon {unknown}
 q - a scroll of magic mapping {unknown}
 r - a scroll of vulnerability {unknown}
Potions
 d - a potion of invisibility {unknown}
 e - 2 potions of heal wounds {unknown}
 j - 2 potions of curing {unknown}
 m - a potion of brilliance {unknown}
 n - a potion of degeneration {unknown}


   Skills:
 + Level 2.6 Dodging
 + Level 2.0 Stealth
 + Level 5.1 Spellcasting


You couldn't memorise any spells.
You knew the following spells:

 Your Spells              Type           Power      Damage    Failure   Level
a - Foxfire               Conj/Fire      96%        2x1d8     1%          1
b - Scorch                Fire           48%        2d7       2%          2
c - Conjure Flame         Conj/Fire      24%        6-21      4%          3
d - Inner Flame           Hex/Fire       24%        N/A       4%          3
e - Flame Wave            Conj/Fire      24%        2d7       16%         4
f - Apportation           Tloc           48%        N/A       1%          1
g - Wereblood             Tmut           24%        N/A       2%          2
Your spell library was empty.

Dungeon Overview and Level Annotations

Branches:
Dungeon (5/15)
 Temple: D:4-7

Altars:
Trog

Shops:
D:3 :


Innate Abilities, Weirdness & Mutations

You are immune to sickness and miasma.
You are immune to poison.
Your flesh is very heat resistant. (rF++)
You are vulnerable to cold. (rC-)
You float through the air rather than walking.
You learn spells naturally, not from books.
Your magical power is your life essence.
You have superior vitality. (+4 MHP)


Message History

The puff of flame hits you. You resist.
The orc wizard gestures wildly while chanting.
The orc wizard flickers and vanishes!
Deactivating autopickup; reactivate with Ctrl-A.
An orc comes into view. It is wielding a +0 short sword.
Casting: Foxfire (safe; 1% risk of failure)
Confirm with . or Enter, or press ? or * to list all spells.
Aiming: Inner Flame (dangerous; 4% risk of failure)
Press: ? - help, Dir - move target, f - orc priest
Aim: an orc priest, wielding a +0 dagger (chance to affect: 79%)
You miscast Inner Flame.
You are very lightly contaminated with residual magic.
Nothing appears to happen.
The foxfire hits the orc priest.
The orc priest is lightly wounded.
The foxfire hits the orc priest.
The orc priest is moderately wounded.
The orc priest calls upon Beogh to heal the orc priest.
The orc wizard gestures at you while chanting.
The magic dart hits you!
You conjure some foxfire!
The orc priest begins to cast a cantrip, but forgets the words!
The orc wizard points at you and mumbles some strange words.
The puff of flame hits something.
Casting: Foxfire (safe; 1% risk of failure)
Confirm with . or Enter, or press ? or * to list all spells.
Aiming: Inner Flame (dangerous; 4% risk of failure)
Press: ? - help, Dir - move target, f - orc wizard
Aim: an orc wizard, wielding a +0 dagger and wearing a +0 robe (ally target, chance to affect: 79%)
The orc wizard is filled with an inner flame.
The foxfire hits the orc but does no damage. x2
The orc priest calls down the wrath of Beogh upon you.
Beogh smites you!
* * * LOW HITPOINT WARNING * * *
Casting: Foxfire (safe; 1% risk of failure)
Press: ? - help, Q - select action, (/) - cycle Dir - look around, f - activate You conjure some foxfire!
* * * LOW HITPOINT WARNING * * *
The orc priest mumbles some strange prayers to Beogh against you.
Beogh smites you!
You die... #.......# .......# ...o..# ...oo# .oo.# ooo

########'############
........@v..........#
........>v........#.#
########..........#.#
#..........#.#
#..........#.#
+..........#.#
#..........#.#
#..........#.#
#..........#.#


You could see 3 orc priests, an orc wizard (inner flame) and 4 orcs.

Vanquished Creatures
  A water moccasin (D:5)
  An iguana (D:4)
  A hound skeleton (D:3)
  3 gnolls (D:2)
  5 adders
  An adder skeleton (D:4)
  2 worms
  2 dart slugs
  5 bats
  2 endoplasms (D:1)
  2 giant cockroaches (D:1)
  8 goblins
  4 hobgoblins
  6 jackals
  7 kobolds
  2 quokkas (D:3)
  3 ball pythons
  5 frilled lizards
  8 rats
68 creatures vanquished.

Vanquished Creatures (collateral kills)
  A foxfire (D:5)
1 creature vanquished.

Vanquished Creatures (others)
  440 foxfires
440 creatures vanquished.

Grand Total: 509 creatures vanquished

Notes
Turn   | Place    | Note
-------+----------+-------------------------------------------
     0 | D:1      | 101zpm the Djinni Fire Elementalist began the quest for the
                  | Orb.
     0 | D:1      | Reached XP level 1. HP: 15/15 MP: 0/0
   566 | D:1      | Reached XP level 2. HP: 15/21 MP: 0/0
  1675 | D:1      | Reached skill level 3 in Spellcasting
  1782 | D:1      | Reached XP level 3. HP: 22/25 MP: 0/0
  1782 | D:1      | Learned a level 1 spell: Apportation
  2947 | D:2      | Reached XP level 4. HP: 29/31 MP: 0/0
  3903 | D:3      | Reached XP level 5. HP: 32/35 MP: 0/0
  3903 | D:3      | Learned a level 2 spell: Wereblood
  4003 | D:3      | Reached skill level 4 in Spellcasting
  4183 | D:3      | Found Saluwkusch's Book Shoppe.
  4426 | D:3      | Found a faded altar of an unknown god.
  5649 | D:4      | Reached XP level 6. HP: 37/40 MP: 0/0
  5862 | D:4      | Found a bloodstained altar of Trog.
  6261 | D:5      | Entered Level 5 of the Dungeon
  6377 | D:5      | Noticed a water moccasin
  6382 | D:5      | Killed a water moccasin
  6383 | D:5      | Reached skill level 5 in Spellcasting
  6638 | D:5      | Killed from afar by an orc priest

Illustrated notes

Levels and vault maps discovered:
D:1:      dpeg_arrival_stone_temple_mockup, layout_basic, serial_park_tiny_pond,
          st_stairs_1, minmay_door_square
D:2:      layout_basic
D:3:      layout_loops_cross, serial_shops, shop,
          hellmonk_ecumenical_altar_inner_sanctum
D:4:      layout_basic, nicolae_overflow_crystal_walls
D:5:      layout_basic, minmay_temple_entry_crystal_x, serial_shops,
          nicolae_shop_advertising_works [nicolae_subvault_shop_adworks],
          serial_park_tiny_1, kennysheep_cross_room

Skill      XL: |  1  2  3  4  5  6 |
---------------+-------------------+-----
Spellcasting   | 3 4 5 |  5.1
Stealth        | 2 |  2.0
Dodging        | |  2.6

Action                   |  1- 3 |  4- 6 || total
-------------------------+-------+-------++-------
 Cast: Foxfire           |   120 |   170 ||   290
       Scorch            |     6 |    10 ||    16
       Inner Flame       |       |     3 ||     3
Armor: Robe              |     1 |       ||     1
Dodge: Dodged            |     1 |     3 ||     4
